 Dungeon Crawl Stone Soup version 0.29.1-1-gd02db6906a (webtiles) character file.

Game seed: 1797405977132708185

22 hawla the Firebug (level 3, -2/26 HPs)
             Began as a Meteoran Fire Elementalist on Oct 11, 2022.
             Slain by a quokka (4 damage)
             ... on level 2 of the Dungeon.
             The game lasted 00:02:30 (345 turns).

hawla the Firebug (Meteoran Fire Elementalist)       Turns: 345, Time: 00:02:31

Health: -2/26      AC:  2    Str:  9    XL:     3   Next: 23%
Magic:  1/9        EV: 12    Int: 18    God:
Gold:   93         SH:  0    Dex: 15    Spells: 6/9 levels left

rFire   . . .      SeeInvis .   (no weapon)
rCold   . . .      Faith    .   (no shield)
rNeg    . . .      Spirit   .   a - +0 robe
rPois   .          Reflect  .   (no helmet)
rElec   .          Harm     .   (no cloak)
rCorr   .          Rampage  .   (no gloves)
Will    .....                   (no boots)
Stlth   +.........              (no amulet)
HPRegen 0.08/turn               (no ring)
MPRegen 0.11/turn               (no ring)

@: hasted, glowing, very quick
A: sense surroundings 1, otherworldly, glowing, explore regen
a: no special abilities


You were on level 2 of the Dungeon.
You visited 1 branch of the dungeon, and saw 2 of its levels.

You collected 93 gold pieces.

Inventory:

Armour
 a - a +0 robe (worn)
Scrolls
 e - a scroll of poison {unknown}
 f - a scroll of butterflies {unknown}
 h - a scroll of teleportation {unknown}
 i - a scroll of identify {unknown}
Potions
 b - a potion of magic
 c - 2 potions of haste
 d - 3 potions of lignification {unknown}
 g - 2 potions of might {unknown}


   Skills:
 + Level 2.4 Dodging
 - Level 1.4 Stealth
 + Level 3.6 Spellcasting
 + Level 1.5 Conjurations
 + Level 4.1 Fire Magic


You had 6 spell levels left.
You knew the following spells:

 Your Spells              Type           Power      Damage    Failure   Level
a - Foxfire               Conj/Fire      52%        2x1d6     4%          1
b - Scorch                Fire           36%        2d6       4%          2

Your spell library contained the following spells:

 Spells                   Type           Power      Damage    Failure   Level
 Conjure Flame            Conj/Fire      13%        6-21      14%         3
 Inner Flame              Hex/Fire       10%        N/A       21%         3
 Flame Wave               Conj/Fire      13%        2d6       43%         4


Dungeon Overview and Level Annotations

Branches:
Dungeon (2/15) Zot: 855

Altars:
Kikubaaqudgha

Shops:
D:1 [

Annotations:
D:2 Terence


Innate Abilities, Weirdness & Mutations

You passively map a small area around you.
You are easily found by Zot.
You glow in the dark.
You regain HP and MP as you explore.


Message History

Really walk into that dispersal trap?
You enter a dispersal trap!
The endoplasm blinks! x2; Terence blinks!
The endoplasm blinks!
Terence blinks!
You blink.
Found a murky coppery potion.
Casting: Foxfire (safe; 4% risk of failure)
Confirm with . or Enter, or press ? or * to list all spells.
Flames lash the endoplasm.
You kill the endoplasm!
Terence misses you.
Unknown command.
Casting: Scorch (safe; 4% risk of failure)
Confirm with . or Enter, or press ? or * to list all spells.
Flames lash Terence.
Terence is severely wounded.
Terence's fire resistance burns away.
You hear a shout!
Terence hits you with a +0 hand axe.
Casting: Scorch (safe; 4% risk of failure)
Confirm with . or Enter, or press ? or * to list all spells.
You conjure some foxfire!
Terence hits you with a +0 hand axe.
Terence hits your foxfire with a +0 hand axe.
The foxfire hits Terence.
Terence is severely wounded.
The foxfire hits Terence but does no damage.
Terence is severely wounded.
A quokka comes into view.
Terence attacks as you move away! Terence misses you.
A kobold comes into view. It is wielding a +0 club.
The kobold shouts!
Terence is no longer more vulnerable to fire.
Terence hits you with a +0 hand axe!
* * * LOW HITPOINT WARNING * * *
You see here a black potion.
It was a potion of haste.
You feel yourself speed up. Terence hits you with a +0 hand axe.
* * * LOW HITPOINT WARNING * * *
Casting: Foxfire (safe; 4% risk of failure)
Confirm with . or Enter, or press ? or * to list all spells.
You don't have enough magic to cast this spell.
The quokka bites you.
You die...

.........# #...###...
.........####.....<..##
............#.........
,...._..# #....###.... *
###.....####.....##..#
##...K....#...#.......#
##........^..###....#.##
#.....r......# ###w...##
#.!...@@..w..# #.#...#
#............# #.....#
##..........## ###...#
##...##...## ##...
########## #..# ##.# #.#
### *


You could see Terence, a worm, a quokka and a kobold.

Vanquished Creatures
  2 dart slugs (D:1)
  A ball python (D:1)
  2 endoplasms (D:2)
  A giant cockroach (D:1)
  2 goblins (D:1)
  2 hobgoblins
  A bat (D:1)
  2 frilled lizards (D:1)
  2 kobolds (D:1)
  3 rats (D:1)
18 creatures vanquished.

Vanquished Creatures (others)
  43 foxfires
43 creatures vanquished.

Grand Total: 61 creatures vanquished

Notes
Turn   | Place    | Note
-------+----------+-------------------------------------------
     0 | D:1      | hawla the Meteoran Fire Elementalist began the quest for
                  | the Orb.
     0 | D:1      | Reached XP level 1. HP: 14/14 MP: 5/5
    80 | D:1      | Reached XP level 2. HP: 14/20 MP: 4/7
   148 | D:1      | Learned a level 2 spell: Scorch
   278 | D:1      | Reached XP level 3. HP: 26/26 MP: 3/9
   301 | D:1      | Reached skill level 4 in Fire Magic
   303 | D:1      | Found Husunulo's Armour Shop.
   308 | D:1      | You fall into a shaft and drop 1 floor!
   315 | D:2      | Noticed Terence
   332 | D:2      | Found an ancient bone altar of Kikubaaqudgha.
   345 | D:2      | Slain by a quokka

Illustrated notes

Levels and vault maps discovered:
D:1:      mrwooster_arrival_statue, layout_rooms, serial_shops, shop
D:2:      layout_rooms, basic_altar, uniq_robin, uniq_terence

Skill      XL: |  1  2  3 |
---------------+----------+-----
Spellcasting   | 3 |  3.6
Fire Magic     | 4 |  4.1
Dodging        | |  2.4
Stealth        | |  1.4
Conjurations   | |  1.5

Action                   || total
-------------------------++-------
Melee: Unarmed           ||     2
 Cast: Foxfire           ||    29
       Scorch            ||    10
  Use: Potion            ||     1
Armor: Robe              ||     3
Dodge: Dodged            ||     8
